[Event "Team 45 45 League T30"]
[Site "Internet Chess Club"]
[Date "2006.04.07"]
[Round "3"]
[White "cwberkey"]
[Black "DynamoKyiv"]
[Result "1-0"]
[WhiteElo "1543"]
[BlackElo "1528"]
[TimeControl "2700+45"]

1. e4 e5 2. Nf3 Nc6 3. Nc3 Nf6 4. d4 exd4 5. Nxd4 Bb4 6. Qd3 O-O 7. Bd2 d5 8.
exd5 Nxd5 9. Nxc6 bxc6 10. Be2 Rb8 11. Rd1 Be6 12. O-O Qf6 13. Bf3 Rfd8 14. Bxd5
cxd5 15. a3 Be7 16. Nb5 Rb7 17. Bc3 Qf5 18. Nd4 Qxd3 19. Rxd3 Bd7 20. Re1 Bf6
21. Nb3 Bxc3 22. bxc3 Rbb8 23. Rxd5 Be6 24. Rxd8+ Rxd8 25. Nd4 Bd5 26. Nb5 c6
27. Nxa7 g6 28. c4 Be4 29. f3 Bxc2 30. Nxc6 Rc8 31. Rc1 Rxc6 32. Rxc2 Kf8 33.
Kf2 Ke7 34. Ke3 Kd6 35. Kd4 f5 36. c5+ Ke6 37. Re2+ Kd7 38. Kd5 h5 39. Rb2 Kc7
40. Rb6 {Black resigns} 1-0  aics%

[Event "Team 45 45 League T30"]
[Site "Internet Chess Club"]
[Date "2006.04.10"]
[Round "3"]
[White "ogoon"]
[Black "TaintedRogue"]
[Result "1-0"]
[WhiteElo "1625"]
[BlackElo "1559"]
[TimeControl "2700+45"]

1. e4 e5 2. d4 exd4 3. Nf3 Bb4+ 4. c3 dxc3 5. Nxc3 Ne7 6. Qd4 Bxc3+ 7. Qxc3 O-O
8. Bd3 Nbc6 9. O-O Qe8 10. b4 d5 11. Bb2 f6 12. Rfe1 Qf7 13. a3 Bg4 14. Re3 Bxf3
15. Rxf3 Ne5 16. Rg3 Nxd3 17. Qxd3 dxe4 18. Qxe4 c6 19. Re1 Nd5 20. Rh3 Qg6 21.
Qb1 Qxb1 22. Rxb1 Rad8 23. Rg3 Nf4 24. Rg4 Nd5 25. h4 Rfe8 26. Rd1 a6 27. Rg3
Re2 28. Bxf6 Rd7 29. Bd4 Rde7 30. Rf3 Re1+ 31. Rxe1 Rxe1+ 32. Kh2 Re4 33. Bc5
Nf6 34. g3 Kf7 35. Kh3 Ke6 36. Rd3 Nd5 37. f3 Re2 38. Bd4 Nf6 39. f4 g6 40. Bxf6
Kxf6 41. Rd7 Re7 42. Rd3 Re2 43. g4 h5 44. gxh5 gxh5 45. Kg3 Re7 46. Rc3 Rd7 47.
Re3 Rg7+ 48. Kh3 Rg4 49. Re5 Kg6 50. Rg5+ Rxg5 51. fxg5 b6 52. Kg3 {Black
resigns} 1-0  aics%

[Event "Team 45 45 League T30"]
[Site "Internet Chess Club"]
[Date "2006.04.08"]
[Round "3"]
[White "hansolo1000"]
[Black "Knight77"]
[Result "1-0"]
[WhiteElo "1693"]
[BlackElo "1764"]
[TimeControl "2700+45"]

1. d4 e6 2. c4 d5 3. Nc3 Nf6 4. cxd5 exd5 5. Bg5 Be7 6. e3 O-O 7. Bd3 h6 8. Bh4
Nbd7 9. Nge2 c5 10. Rc1 b6 11. O-O Bb7 12. h3 Ne4 13. Bxe7 Nxc3 14. Bxd8 Nxd1
15. Bh4 Nxb2 16. Bb5 Nf6 17. Bxf6 gxf6 18. dxc5 a6 19. Bd7 Nd3 20. c6 Nxc1 21.
Rxc1 Bc8 22. Nf4 Rd8 23. Nxd5 Bxd7 24. cxd7 Kg7 25. Nxb6 Ra7 26. a4 a5 27. Rc6
Rb7 28. Kf1 f5 29. Ke2 f6 30. Kf3 Kf7 31. Kf4 Kg6 32. f3 h5 33. g4 hxg4 34. hxg4
fxg4 35. Kxg4 Rg8 36. Rc8 f5+ 37. Kf4 Rb8 38. Ke5 Kf7 39. Rxb8 Rxb8 40. Nc8 Rb3
41. d8=Q Rxe3+ 42. Kf4 Ra3 43. Qe7+ {Black resigns} 1-0  aics%

[Event "Team 45 45 League T30"]
[Site "Internet Chess Club"]
[Date "2006.04.08"]
[Round "3"]
[White "Cantemir"]
[Black "dougmo"]
[Result "1-0"]
[WhiteElo "1425"]
[BlackElo "1517"]
[TimeControl "2700+45"]

1. e3 e5 2. c4 Nc6 3. Nc3 f5 4. d4 Bb4 5. Qc2 d6 6. Bd2 Nf6 7. d5 Ne7 8. Qa4+ c6
9. Qxb4 cxd5 10. cxd5 O-O 11. Bc4 Ng4 12. h3 Nh6 13. Nf3 Ng6 14. e4 Nh4 15.
O-O-O a5 16. Qb3 Nxf3 17. gxf3 f4 18. Rdg1 Rb8 19. Nb5 Nf7 20. h4 Bd7 21. h5 Kh8
22. Qa3 Bxb5 23. Bxb5 Qb6 24. Qxa5 Rfc8+ 25. Kb1 Qxf2 26. Bd7 Ra8 27. Qb4 Rcb8
28. Bg4 Qa7 29. a3 Qf2 30. Be1 Qe2 31. Rf1 b5 32. Rf2 Qd3+ 33. Rc2 Ra4 34. Qc3
Rd4 35. Qxd3 Rxd3 36. Bb4 Ng5 37. Rhc1 g6 38. Rc8+ Rxc8 39. Rxc8+ Kg7 40. Bxd6
Nxf3 41. Bxf3 Rxf3 42. Bxe5+ Kh6 43. hxg6 Rf1+ 44. Ka2 hxg6 45. Bf6 Kh5 46. d6
f3 47. Rc5+ Kh6 48. Bg5+ Kg7 49. Rc7+ Kg8 50. d7 Rd1 51. d8=Q+ Rxd8 52. Bxd8
{Black resigns} 1-0  aics%

[Event "Team 45 45 League T30"]
[Site "Internet Chess Club"]
[Date "2006.04.08"]
[Round "3"]
[White "Two-DogMan"]
[Black "Patrook"]
[Result "0-1"]
[WhiteElo "1477"]
[BlackElo "1671"]
[TimeControl "2700+45"]

1. e4 c5 2. Nf3 e6 3. c4 Nc6 4. Be2 Nf6 5. Nc3 Be7 6. d4 cxd4 7. Nxd4 O-O 8. Nf3
a6 9. O-O h6 10. Bd3 Bb4 11. Ne2 b5 12. b3 bxc4 13. bxc4 Bb7 14. a3 Bc5 15. Bb2
Ng4 16. Ned4 Nxd4 17. Nxd4 Nf6 18. Qe2 d6 19. Nf3 e5 20. Rab1 Qc7 21. Bc1 Rab8
22. Nh4 Bc8 23. Kh1 Rxb1 24. Bxb1 Qa5 25. Qa2 Be6 26. Bd3 Qc3 27. Qd2 Qxd2 28.
Bxd2 Bxa3 29. Ra1 Bc5 30. Rxa6 Rd8 31. Ra1 Bxf2 32. Rf1 Bxh4 33. g3 Bg5 34. Bxg5
hxg5 35. Rc1 Rc8 36. Kg2 Nd7 37. h3 Nb6 38. c5 Rxc5 39. Rxc5 dxc5 40. Kf3 c4 41.
Bc2 Bxh3 42. Ke3 Bg2 43. Kd2 g6 44. Kc3 f5 45. exf5 gxf5 46. Kb4 f4 47. gxf4
exf4 48. Kc3 g4 49. Kd2 f3 50. Bd1 g3 51. Bxf3 Bxf3 52. Ke3 g2 53. Kf2 c3 {White
resigns} 0-1  aics%

[Event "Team 45 45 League T30"]
[Site "Internet Chess Club"]
[Date "2006.04.10"]
[Round "3"]
[White "Zzasrix"]
[Black "scyther314159"]
[Result "0-1"]
[WhiteElo "1585"]
[BlackElo "1629"]
[TimeControl "2700+45"]

1. c4 Nf6 2. Nc3 g6 3. g3 Bg7 4. Bg2 d6 5. Nf3 O-O 6. O-O e5 7. d4 Nbd7 8. b4 c6
9. e3 e4 10. Nd2 d5 11. a4 b6 12. c5 Ne8 13. Bb2 f5 14. f3 Nef6 15. fxe4 fxe4
16. Ne2 Ng4 17. Qb3 bxc5 18. dxc5 Bxb2 19. Rxf8+ Qxf8 20. Qxb2 Qf2+ 21. Kh1 Qxe2
22. Rf1 Nf2+ 23. Rxf2 Qxf2 24. Qc3 Qf6 25. Qc2 Ne5 26. b5 cxb5 27. axb5 Nd3 28.
Qb3 Be6 29. Qa3 Qb2 30. Qa6 Nxc5 31. Qd6 Qxd2 32. Qxc5 Qe1+ 33. Bf1 Qxf1# {White
checkmated} 0-1  aics%

[Event "Team 45 45 League T30"]
[Site "Internet Chess Club"]
[Date "2006.04.09"]
[Round "3"]
[White "CSIstephers"]
[Black "Pawndemonium"]
[Result "1-0"]
[WhiteElo "1394"]
[BlackElo "1419"]
[TimeControl "2700+45"]

1. e4 e5 2. Nf3 Nc6 3. Bc4 Nd4 4. Nxd4 exd4 5. c3 dxc3 6. Nxc3 Bc5 7. d4 Bb6 8.
Bf4 d6 9. O-O Qf6 10. Be3 Be6 11. Nd5 Bxd5 12. Bxd5 c6 13. Bb3 Nh6 14. Rc1 O-O
15. Qd2 Ng4 16. Rfd1 Nxe3 17. Qxe3 Rae8 18. Qd3 c5 19. dxc5 dxc5 20. Qc2 Rd8 21.
Bd5 Rd6 22. Bxb7 Rfd8 23. Bd5 Qf4 24. Qc4 Rf6 25. f3 Rg6 26. Rc3 Bc7 27. g3 Qh4
28. Bxf7+ Kf8 29. Rxd8+ Qxd8 30. Bxg6 hxg6 31. Qxc5+ Kg8 32. Qxc7 {Black
resigns} 1-0  aics%

[Event "Team 45 45 League T"]
[Site "Internet Chess Club"]
[Date "2006.04.09"]
[Round ""]
[White "LIVVI"]
[Black "Ikkos"]
[Result "0-1"]
[WhiteElo "1471"]
[BlackElo "1364"]
[TimeControl "2700+45"]

1. e4 c6 2. Nf3 d5 3. e5 Bf5 4. d4 e6 5. Bd3 Bxd3 6. Qxd3 Nd7 7. O-O c5 8. c3
Ne7 9. Bg5 h6 10. Bh4 Qb6 11. Nbd2 Nf5 12. Bg3 Nxg3 13. hxg3 c4 14. Qc2 Be7 15.
b3 cxb3 16. Nxb3 h5 17. Rfb1 Qd8 18. a4 h4 19. g4 h3 20. g3 Rh6 21. Qd3 Rg6 22.
Qb5 b6 23. g5 Bxg5 24. Nxg5 Qxg5 25. a5 a6 26. Qc6 Rb8 27. axb6 Rxb6 28. Qc8+
Ke7 29. Qc7 Qh4 30. Nc5 h2+ 31. Kf1 h1=Q+ 32. Ke2 Qg4+ 33. Kd2 Qg5+ 34. f4 Qg2+
35. Ke1 Q5xg3+ 36. Kd1 Qg1+ 37. Kd2 Q1f2+ 38. Kd1 Qgg1# {White checkmated} 0-1 
aics%

[Event "Team 45 45 League T30"]
[Site "Internet Chess Club"]
[Date "2006.04.11"]
[Round "3"]
[White "searchforbobby1"]
[Black "NFork"]
[Result "1/2-1/2"]
[WhiteElo "2127"]
[BlackElo "2179"]
[TimeControl "2700+45"]

1. e4 d5 2. exd5 Nf6 3. d4 Bg4 4. Be2 Bxe2 5. Qxe2 Qxd5 6. Nf3 e6 7. c4 Bb4+ 8.
Nc3 Qe4 9. Bd2 Qxe2+ 10. Kxe2 Nc6 11. a3 Bxc3 12. Bxc3 Ne4 13. Rac1 O-O-O 14.
Rhd1 Rd7 15. b4 Nxc3+ 16. Rxc3 Rhd8 17. Rcd3 f6 18. Ke3 Ne7 19. R3d2 Nf5+ 20.
Ke2 g5 21. g4 Nd6 22. Rc2 h5 23. h3 Nf7 24. Rcd2 c6 25. Rd3 Nh8 26. gxh5 Rh7 27.
Re3 Re8 28. d5 cxd5 29. cxd5 e5 30. Nd4 Rxh5 31. Nf5 Rd8 32. Rc3+ Kb8 33. d6 Ng6
34. Kd2 Nh4 35. Ne7 Rh7 36. Ke2 Ng2 37. Rdc1 Nf4+ 38. Kf1 a6 39. Rc8+ Rxc8 40.
Rxc8+ Ka7 41. Rc3 Rh8 42. Nc8+ Kb8 43. Nb6 Ka7 {Game drawn by mutual agreement}
1/2-1/2  aics%

[Event "Team 45 45 League T30"]
[Site "Internet Chess Club"]
[Date "2006.04.09"]
[Round "3"]
[White "NoLuckOnlySkill"]
[Black "Burning-Bush"]
[Result "0-1"]
[WhiteElo "1962"]
[BlackElo "2080"]
[TimeControl "2700+45"]

1. e4 c5 2. Nf3 e6 3. b3 b6 4. Bb2 Bb7 5. Nc3 Nc6 6. Bb5 Nge7 7. Ne2 a6 8. Bxc6
Bxc6 9. Ng3 d5 10. Qe2 Ng6 11. Ne5 Bb7 12. Nxg6 hxg6 13. O-O-O d4 14. f4 Qc7 15.
f5 gxf5 16. exf5 e5 17. Ne4 f6 18. g4 O-O-O 19. h4 Qd7 20. d3 Be7 21. Rh2 Rdg8
22. h5 Bd5 23. c4 dxc3 24. Nxc3 Bc6 25. Kc2 Kb7 26. Ne4 Rd8 27. Rf2 Qd5 28. Nc3
Qf7 29. Ne4 Rd7 30. Qe3 Rhd8 31. Rfd2 a5 32. Rh2 Bb5 33. Rhd2 a4 34. Nc3 axb3+
35. axb3 Bc6 36. Ra1 Rd4 37. Ne4 Rb4 38. Ra3 Bd5 39. Kd1 Rxb3 40. Ke2 Bc6 41.
Ra1 c4 42. Bc3 cxd3+ 43. Rxd3 Qc4 44. Nd2 Qxg4+ 45. Ke1 Bc5 46. Qe2 Qg1+ 47. Nf1
Rxd3 48. Qxd3 Qf2+ 49. Kd1 Bf3+ 50. Kc1 Rxc3+ 51. Qxc3 Qxf1+ {White resigns} 0-1
 aics%

[Event "Team 45 45 League T30"]
[Site "Internet Chess Club"]
[Date "2006.04.09"]
[Round "3"]
[White "chsrules88"]
[Black "PUUNTUUPPAAJA"]
[Result "1/2-1/2"]
[WhiteElo "1905"]
[BlackElo "1922"]
[TimeControl "2700+45"]

1. e4 e5 2. Nf3 Nc6 3. Bb5 a6 4. Ba4 Nf6 5. O-O b5 6. Bb3 Be7 7. Re1 d6 8. h3
Na5 9. c3 Nxb3 10. axb3 Bb7 11. d3 h6 12. Be3 c5 13. c4 b4 14. Nbd2 Bc6 15. Nf1
Bd7 16. Bd2 Qc8 17. Ne3 g5 18. Nh2 h5 19. f3 g4 20. fxg4 hxg4 21. Nhxg4 Be6 22.
Rf1 Nh5 23. Qf3 Bg5 24. Rad1 Qd8 25. Nd5 Bxd2 26. Ngf6+ Nxf6 27. Nxf6+ Ke7 28.
Rxd2 Qf8 29. Nd5+ Bxd5 30. cxd5 Ke8 31. Rdf2 Ra7 32. Qf5 Kd8 33. Qg5+ Kc8 34.
Qg6 Rh6 35. Rxf7 Qxf7 36. Rxf7 Rxg6 37. Rxa7 Rg3 38. Rxa6 Kc7 39. Ra7+ Kd8 40.
Rf7 Rxd3 41. Rf3 Rd1+ 42. Kh2 Rd2 43. h4 Rxb2 44. h5 Ke7 45. h6 Ra2 46. Kh3 Ra8
47. g4 Rf8 48. Rg3 Kf7 49. Rf3+ Ke7 50. Rg3 Kf7 51. Rf3+ Ke7 {Game drawn by
repetition} 1/2-1/2  aics%

[Event "Team 45 45 League T30"]
[Site "Internet Chess Club"]
[Date "2006.04.08"]
[Round "3"]
[White "bahus"]
[Black "viking99"]
[Result "1/2-1/2"]
[WhiteElo "1864"]
[BlackElo "1809"]
[TimeControl "2700+45"]

1. e4 e6 2. d4 d5 3. Nd2 Nf6 4. e5 Nfd7 5. Bd3 c5 6. c3 Nc6 7. Ne2 cxd4 8. cxd4
Qb6 9. Nf3 Bb4+ 10. Bd2 Bxd2+ 11. Qxd2 Qb4 12. a3 Qxd2+ 13. Kxd2 Na5 14. Rab1
Nb6 15. b3 Bd7 16. Nc3 a6 17. h4 Rc8 18. h5 h6 19. g4 Ke7 20. Nh4 Rc7 21. a4
Rhc8 22. Ne2 Nc6 23. Rhc1 Nb4 24. Rxc7 Rxc7 25. Rc1 Rxc1 26. Nxc1 a5 27. Bb1 Na8
28. Nd3 Nxd3 29. Bxd3 Nc7 30. f4 b5 31. axb5 Nxb5 32. Ke3 Na7 33. f5 Nc6 34. Nf3
Nb4 35. Bb1 a4 36. bxa4 Bxa4 37. Kf4 {Game drawn by mutual agreement} 1/2-1/2 
aics%

[Event "Team 45 45 League T30"]
[Site "Internet Chess Club"]
[Date "2006.04.08"]
[Round "3"]
[White "alexcolins"]
[Black "KnightofMercy"]
[Result "0-1"]
[WhiteElo "1890"]
[BlackElo "1994"]
[TimeControl "2700+45"]

1. d4 b6 2. Nf3 Bb7 3. e3 e6 4. Bd3 f5 5. O-O Nf6 6. Nbd2 Be7 7. Re1 Ne4 8. Ne5
O-O 9. f3 Nxd2 10. Bxd2 d6 11. Nc4 Bh4 12. Rf1 Nd7 13. Qe2 Qf6 14. e4 Qxd4+ 15.
Be3 Qf6 16. c3 f4 17. Bd4 e5 18. Bf2 Bxf2+ 19. Qxf2 Rf7 20. a4 Nc5 21. Bc2 Raf8
22. b4 Ne6 23. a5 Ba6 24. Bb3 b5 25. Nd2 c6 26. Rfc1 Kh8 27. Nf1 Rd7 28. Rd1 Ng5
29. Rd3 Qg6 30. Kh1 Qh5 31. Rad1 Rf6 32. R1d2 Nf7 33. h3 g5 34. Nh2 Nh6 35. Ng4
Nxg4 36. fxg4 Qe8 37. g3 Qg6 38. Re2 fxg3 39. Qxg3 Rf4 40. Rf3 Bb7 41. Rxf4 gxf4
42. Qf2 c5 43. Bd5 Bxd5 44. exd5 cxb4 45. cxb4 Qb1+ 46. Qe1 Qd3 47. Kh2 Qxd5 48.
Rd2 Qe6 49. Re2 Rf7 50. Qc3 f3 51. Rf2 Qf6 52. Qc6 Qf4+ 53. Kh1 Qg3 54. Qe8+ Kg7
55. Rc2 Qe1+ 56. Kh2 f2 57. Qxf7+ Kxf7 58. Rc7+ Ke6 {White resigns} 0-1  aics% 
salutcristi(71): bueno q os parece "mochuelo aics%

[Event "Team 45 45 League T30"]
[Site "Internet Chess Club"]
[Date "2006.04.15"]
[Round "3"]
[White "Sergio56"]
[Black "deathmage"]
[Result "1-0"]
[WhiteElo "1897"]
[BlackElo "1729"]
[TimeControl "2700+45"]

1. d4 Nf6 2. c3 e6 3. Bg5 Be7 4. Nd2 h6 5. Bh4 d5 6. e3 b6 7. Bd3 Ba6 8. Bxa6
Nxa6 9. Qa4+ Qd7 10. Qxa6 O-O 11. Qe2 g5 12. Bg3 c5 13. f4 cxd4 14. cxd4 Nh7 15.
fxg5 Bxg5 16. Ngf3 Be7 17. O-O f5 18. Ne5 Qe8 19. Rac1 Bd6 20. Ndf3 Nf6 21. Rc6
Ne4 22. Rfc1 Qh5 23. Qe1 Kh7 24. Nd7 Bxg3 25. Nxf8+ Kg7 26. Nxe6+ {Black
resigns} 1-0  aics%

[Event "Team 45 45 League T30"]
[Site "Internet Chess Club"]
[Date "2006.04.08"]
[Round "3"]
[White "QuantumWell"]
[Black "FatManMGS2"]
[Result "1-0"]
[WhiteElo "1960"]
[BlackElo "1891"]
[TimeControl "2700+45"]

1. d4 Nf6 2. c4 e6 3. Nc3 d5 4. e3 c6 5. Nf3 Nbd7 6. b3 Bb4 7. Bd2 O-O 8. Qc2
Re8 9. Bd3 e5 10. dxe5 Nxe5 11. Nxe5 Rxe5 12. cxd5 cxd5 13. O-O Rh5 14. Nb5 Bd6
15. Nxd6 Qxd6 16. g3 Ng4 17. h4 Rxh4 18. Bb4 Qb8 19. Qc5 Be6 20. Qd6 Rh6 21.
Qxb8+ Rxb8 22. Bc5 Rc8 23. Bxa7 Ne5 24. Be2 Rc2 25. Bd1 Rd2 26. Bd4 Bh3 27. Re1
Nd3 28. Re2 Rxd1+ 29. Rxd1 Bg4 30. Rc2 f6 31. f3 Nb4 32. Rf2 Bf5 33. g4 Bg6 34.
Rh2 Rxh2 35. Kxh2 Nxa2 36. Ra1 Nb4 37. Ra8+ Kf7 38. Ra7 Ke6 39. Rxb7 Nc6 40.
Rxg7 Nxd4 41. exd4 f5 42. gxf5+ Bxf5 43. b4 Kd6 44. b5 Bd7 45. Rxd7+ Kxd7 46. f4
Kc7 47. f5 Kb6 48. f6 Kxb5 49. f7 Kc4 50. f8=Q Kxd4 51. Qf4+ Kc3 52. Kg3 d4 53.
Qc7+ Kd2 54. Qxh7 d3 55. Kf3 Ke1 56. Ke3 Kd1 57. Qxd3+ Kc1 58. Qe2 Kb1 59. Kd3
Ka1 60. Kc3 Kb1 61. Qb2# {Black checkmated} 1-0  aics%

[Event "Team 45 45 League T30"]
[Site "Internet Chess Club"]
[Date "2006.04.11"]
[Round "3"]
[White "chsrules88"]
[Black "Theodulf"]
[Result "1-0"]
[WhiteElo "1912"]
[BlackElo "1672"]
[TimeControl "2700+45"]

1. e4 e5 2. Nf3 Nf6 3. d4 Nxe4 4. Bd3 d5 5. Nxe5 Nd7 6. Bxe4 dxe4 7. Nxd7 Qxd7
8. O-O Qg4 9. Nc3 Qxd1 10. Rxd1 Bf5 11. Bf4 c6 12. Re1 O-O-O 13. a3 Bd6 14. Bxd6
Rxd6 15. Rad1 e3 16. Rxe3 Bxc2 17. Rd2 Bf5 18. f3 Re6 19. Re5 Rxe5 20. dxe5 Rd8
21. Rxd8+ Kxd8 22. g4 Bc2 23. Kf2 g5 24. Ke3 Kd7 25. Ne2 c5 26. Nc3 a6 27. Kd2
Bg6 28. Ke3 Kc6 29. Ne4 h6 30. Nf6 b5 31. f4 gxf4+ 32. Kxf4 b4 33. axb4 cxb4 34.
h4 a5 35. h5 Bc2 36. Ke3 a4 37. Kd2 Bb3 38. g5 Be6 39. gxh6 Bf5 40. h7 Bxh7 41.
Nxh7 a3 42. bxa3 bxa3 43. Kc3 Kd5 44. h6 Kxe5 45. Nf8 Kf6 46. Kb3 {Black
resigns} 1-0  aics%

[Event "Team 45 45 League T30"]
[Site "Internet Chess Club"]
[Date "2006.04.11"]
[Round "3"]
[White "clarnibass"]
[Black "Knight-Rookie"]
[Result "1-0"]
[WhiteElo "1714"]
[BlackElo "1510"]
[TimeControl "2700+45"]

1. e4 c5 2. Nf3 g6 3. c3 Bg7 4. d4 cxd4 5. cxd4 d6 6. h3 Nf6 7. Nc3 O-O 8. Bd3
Nc6 9. O-O Qc7 10. Be3 e5 11. d5 Ne7 12. Nb5 Qb8 13. Rc1 Ne8 14. Qc2 Bd7 15. Nc7
Nxc7 16. Qxc7 Rd8 17. Qxb8 Rdxb8 18. Rc7 Rd8 19. Rxb7 a5 20. Bb6 Rab8 21. Bxd8
Rxd8 22. Rc1 Kf8 23. Rcc7 Ke8 24. Bb5 {Black resigns} 1-0  aics%

[Event "Team 45 45 League T30"]
[Site "Internet Chess Club"]
[Date "2006.04.06"]
[Round "3"]
[White "A-Ru"]
[Black "PublisherKing"]
[Result "0-1"]
[WhiteElo "1852"]
[BlackElo "1952"]
[TimeControl "2700+45"]

1. d4 d6 2. Nf3 c6 3. Nc3 Qc7 4. e4 Nd7 5. Bc4 h6 6. O-O e5 7. Re1 Ngf6 8. Ne2
Nxe4 9. dxe5 dxe5 10. Qd3 Ndc5 11. Qe3 b5 12. Bd3 Bf5 13. Nh4 Nxd3 14. Nxf5 Nxe1
15. Qxe4 g6 16. Nxh6 Bxh6 17. Bxh6 Nxc2 18. Rc1 Rxh6 19. Rxc2 O-O-O 20. g3 f5
21. Qe3 Rd1+ 22. Kg2 Rxh2+ {White resigns} 0-1  aics%

[Event "Team 45 45 League T30"]
[Site "Internet Chess Club"]
[Date "2006.04.07"]
[Round "3"]
[White "kabindra"]
[Black "backfire"]
[Result "0-1"]
[WhiteElo "1730"]
[BlackElo "1730"]
[TimeControl "2700+45"]

1. e4 c5 2. Nf3 d6 3. d4 cxd4 4. Nxd4 Nf6 5. Nc3 g6 6. Be3 Bg7 7. f3 O-O 8. Qd2
Nc6 9. Bc4 Bd7 10. O-O-O Rc8 11. Bb3 Ne5 12. h4 h5 13. Bg5 Rc5 14. g4 hxg4 15.
f4 Nc4 16. Qe2 Na5 17. e5 Nxb3+ 18. Nxb3 Rxc3 19. bxc3 Bc6 20. exf6 exf6 21.
Rhf1 Bf3 22. Rxf3 gxf3 23. Qxf3 fxg5 24. fxg5 Qc7 25. Rd3 Rc8 26. Kd2 b5 27. a3
a5 28. Nd4 b4 29. axb4 axb4 30. cxb4 Bxd4 31. Rxd4 Qxc2+ 32. Ke1 Qb1+ 33. Qd1
Rc1 34. h5 Rxd1+ 35. Rxd1 Qe4+ 36. Kd2 Qxb4+ 37. Kc2 gxh5 {White resigns} 0-1 
aics%

[Event "Team 45 45 League T30"]
[Site "Internet Chess Club"]
[Date "2006.04.09"]
[Round "3"]
[White "Ingo"]
[Black "StevieBlunder"]
[Result "1-0"]
[WhiteElo "1663"]
[BlackElo "1644"]
[TimeControl "2700+45"]

1. e4 e6 2. d4 c5 3. c3 Nc6 4. Nf3 d5 5. exd5 exd5 6. Bd3 Nf6 7. O-O Be7 8. dxc5
O-O 9. Be3 Bg4 10. Nbd2 Ne5 11. Be2 Qc7 12. Nxe5 Bxe2 13. Qxe2 Qxe5 14. Nf3 Qc7
15. b4 Rfe8 16. Nd4 a6 17. a4 Rac8 18. Nf5 Bf8 19. Rfd1 Qe5 20. Nd4 Ne4 21. Rac1
f5 22. Nf3 Qe6 23. Qd3 Rcd8 24. Nd4 Qf6 25. c4 f4 26. Bd2 Nxd2 27. Rxd2 Re4 28.
cxd5 Rde8 29. Nc2 Qh4 30. d6 R8e5 31. d7 Qe7 32. d8=Q Re1+ 33. Rxe1 Rxe1+ 34.
Nxe1 {Black resigns} 1-0  aics%

[Event "Team 45 45 League T30"]
[Site "Internet Chess Club"]
[Date "2006.04.11"]
[Round "3"]
[White "JustinSane"]
[Black "Allessia"]
[Result "0-1"]
[WhiteElo "2221"]
[BlackElo "2144"]
[TimeControl "2700+45"]

1. d4 Nf6 2. c4 e6 3. Nf3 c5 4. d5 b5 5. Bg5 Qa5+ 6. Nfd2 Ne4 7. Bf4 bxc4 8. f3
Bd6 9. Bxd6 Nxd6 10. Nc3 exd5 11. Nxd5 Bb7 12. Nc3 O-O 13. e4 Nc6 14. Nxc4 Nxc4
15. Bxc4 Qb4 16. Qb3 Na5 17. Qxb4 cxb4 {White resigns} 0-1  aics%

[Event "Team 45 45 League T30"]
[Site "Internet Chess Club"]
[Date "2006.04.08"]
[Round "3"]
[White "adingod"]
[Black "ROWLAND"]
[Result "1-0"]
[WhiteElo "2009"]
[BlackElo "1927"]
[TimeControl "2700+45"]

1. d4 Nf6 2. Nc3 d5 3. Bg5 h6 4. Bxf6 exf6 5. e4 Bb4 6. exd5 Qxd5 7. Qd2 Qa5 8.
Bc4 O-O 9. Nge2 Nc6 10. O-O Bf5 11. Bb3 Rad8 12. Rad1 Rfe8 13. Qf4 Bd6 14. Qh4
Nb4 15. Qh5 g6 16. Qxh6 Bxc2 17. Bxc2 Nxc2 18. a3 c5 19. dxc5 Qxc5 20. Rd2 Nd4
21. Rxd4 Bxh2+ 22. Qxh2 Rxd4 23. Nxd4 Qxd4 24. Qc7 Qb6 25. Qxb6 axb6 26. Rd1 Kg7
27. Kf1 f5 28. Rd7 Kf6 29. Rxb7 Re6 30. Rxb6 Rxb6 31. Nd5+ {Black resigns} 1-0 
aics%

[Event "Team 45 45 League T30"]
[Site "Internet Chess Club"]
[Date "2006.04.08"]
[Round "3"]
[White "fileman"]
[Black "Div-anand"]
[Result "0-1"]
[WhiteElo "1944"]
[BlackElo "1912"]
[TimeControl "2700+45"]

1. e4 e5 2. f4 Bc5 3. Nf3 d6 4. Nc3 Nc6 5. Bb5 Bg4 6. Bxc6+ bxc6 7. fxe5 dxe5 8.
h3 Bh5 9. Qe2 Ne7 10. g4 Bg6 11. Nxe5 O-O 12. d3 Bd4 13. Nf3 Bb6 14. Be3 f5 15.
exf5 Bxe3 16. Qxe3 Nd5 17. Qd4 Bxf5 18. gxf5 Rxf5 19. Rf1 Qe8+ 20. Ne4 Qh5 21.
Ng3 Re8+ 22. Kd1 Qxh3 23. Nxf5 Qxf1+ 24. Kd2 Re2# {White checkmated} 0-1  aics%

[Event "Team 45 45 League T30"]
[Site "Internet Chess Club"]
[Date "2006.04.09"]
[Round "3"]
[White "daechine"]
[Black "LoseOften"]
[Result "0-1"]
[WhiteElo "1894"]
[BlackElo "1841"]
[TimeControl "2700+45"]

1. e4 c5 2. Nc3 d6 3. f4 g6 4. Nf3 Bg7 5. Bc4 Nc6 6. O-O e6 7. d3 Nge7 8. Qe1
O-O 9. f5 gxf5 10. Qg3 fxe4 11. dxe4 Ng6 12. h4 Kh8 13. Bg5 Bf6 14. h5 Bxg5 15.
hxg6 Be3+ 16. Kh2 Rg8 17. Nh4 Ne5 18. Be2 Bh6 19. Rf2 Nxg6 20. Nxg6+ Rxg6 21.
Qf3 Qh4+ 22. Kg1 Rg7 23. Raf1 Bd7 24. Nd1 Rag8 25. Qh5 Qxe4 26. g4 Rxg4+ 27.
Bxg4 Rxg4+ 28. Qxg4 Qxg4+ 29. Rg2 Qd4+ 30. Kh2 Bf4+ 31. Kh3 e5+ 32. Kh4 Bh6+ 33.
Kh5 Bh3 34. c3 Qd5 35. Kxh6 Qxg2 {White resigns} 0-1  aics% 



kopereitor(71): es muy bueno
aics%

[Event "ICC 45 45"]
[Site "Internet Chess Club"]
[Date "2006.04.11"]
[Round "3"]
[White "Guasto"]
[Black "Gregorio"]
[Result "1-0"]
[WhiteElo "1997"]
[BlackElo "2113"]
[TimeControl "2700+45"]

1. e4 e5 2. f4 d5 3. exd5 e4 4. d3 Nf6 5. dxe4 Nxe4 6. Qe2 f5 7. Nd2 Qxd5 8. g4
Be7 9. Bg2 Bh4+ 10. Kd1 g6 11. gxf5 gxf5 12. Qh5+ Kf8 13. Bxe4 Qd8 14. Bf3 Nc6
15. Qh6+ Ke8 16. Bh5+ Ke7 17. Nf3 Bf6 18. c3 Be6 19. Re1 Qd3 20. Ng5 Bxg5 21.
Qxe6+ {Black resigns} 1-0  aics%

[Event "Team 45 45 League T30"]
[Site "Internet Chess Club"]
[Date "2006.04.18"]
[Round "3"]
[White "nightflier"]
[Black "Boromir"]
[Result "1-0"]
[WhiteElo "2044"]
[BlackElo "1876"]
[TimeControl "2700+45"]

1. d4 Nf6 2. c4 e6 3. Nf3 c5 4. d5 exd5 5. cxd5 d6 6. Nc3 g6 7. e4 a6 8. a4 Bg7
9. h3 O-O 10. Bd3 Re8 11. O-O Nbd7 12. Bf4 Qc7 13. Bh2 Nh5 14. Nd2 Ne5 15. Be2
Nf6 16. f4 Ned7 17. Re1 h5 18. Bf3 Nh7 19. Nc4 Nb6 20. Ne3 Nd7 21. Qb3 b6 22.
Nc4 Rb8 23. e5 dxe5 24. d6 Qd8 25. fxe5 Ng5 26. Bc6 Ne6 27. Qd1 Nd4 28. Be4 Nxe5
29. Bxe5 Bxe5 30. Bxg6 fxg6 31. Nxe5 Qxd6 32. Nc4 Rxe1+ 33. Qxe1 Qe6 34. Qf1 Qf5
35. Qe1 Qe6 36. Qg3 Rb7 37. Re1 Qf7 38. Nd6 Qg7 39. Re8+ Kh7 40. Rxc8 Re7 41.
Kh2 Qf6 42. Nce4 Qf1 43. Qg5 Nf3+ 44. gxf3 {Black resigns} 1-0  aics%

[Event "Team 45 45 League T30"]
[Site "Internet Chess Club"]
[Date "2006.04.10"]
[Round "3"]
[White "JohnnySP"]
[Black "room-matt"]
[Result "1-0"]
[WhiteElo "1782"]
[BlackElo "1806"]
[TimeControl "2700+45"]

1. e4 e5 2. Nf3 Nc6 3. Bb5 a6 4. Ba4 b5 5. Bb3 Na5 6. O-O d6 7. d3 Nxb3 8. axb3
Bb7 9. Re1 Nf6 10. Bg5 Be7 11. Nbd2 h6 12. Bh4 O-O 13. Nf1 g5 14. Bg3 a5 15. Ne3
Re8 16. h3 c5 17. c4 b4 18. Nf5 Bf8 19. Nh2 Bc8 20. Ne3 h5 21. h4 g4 22. f3 gxf3
23. Qxf3 Bb7 24. Rf1 Bg7 25. Nf5 Bh8 26. Be1 Re6 27. Bd2 Qc7 28. Bg5 Kf8 29.
Bxf6 Rxf6 30. Qxh5 Bg7 31. Nxg7 Rxf1+ 32. Rxf1 Kxg7 33. Qg5+ Kf8 34. h5 Qe7 35.
Rf6 Ra6 36. h6 {Black resigns} 1-0  aics%

[Event "Team 45 45 League T30"]
[Site "Internet Chess Club"]
[Date "2006.04.10"]
[Round "3"]
[White "six-killer"]
[Black "martineden"]
[Result "1-0"]
[WhiteElo "1796"]
[BlackElo "1902"]
[TimeControl "2700+45"]

1. e4 g6 2. d4 Bg7 3. Nc3 d6 4. Nf3 a6 5. h3 b5 6. a3 Nd7 7. Be3 Bb7 8. Qd2 c5
9. Be2 Ngf6 10. e5 cxd4 11. Bxd4 Nxe5 12. Qe3 Nc4 13. Bxc4 bxc4 14. O-O O-O 15.
Rfe1 e5 16. Bb6 Qe7 17. Rad1 Rab8 18. Nd2 Bxg2 19. Kxg2 Qb7+ 20. Kg1 Qxb6 21.
Qxb6 Rxb6 22. Nxc4 Rc6 23. Nxd6 Rb8 24. Rxe5 Rxb2 25. Nce4 Nxe4 26. Rxe4 Rcxc2
27. Re8+ Bf8 28. Ne4 Kg7 29. Rd3 Re2 30. Re3 Rxe3 31. fxe3 Rb3 32. Kf2 Rxa3 33.
Ra8 a5 34. Ra6 Bb4 35. Kf3 f5 36. Ra7+ Kh6 37. Nf6 Rxe3+ 38. Kf4 Re7 39. Ng8+
Kh5 40. Nxe7 g5+ 41. Kxf5 h6 42. Nd5 Bd2 43. Ra6 {Black resigns} 1-0  aics%